 Dungeon Crawl Stone Soup version 0.20.1-2-g1830e616b0 (webtiles) character file.

143 Alfie the Shooter (level 5, -2/40 HPs)
             Began as a Human Hunter on Feb 4, 2020.
             Killed from afar by an orc wizard (6 damage)
             ... with a puff of frost
             ... on level 3 of the Dungeon.
             The game lasted 00:08:21 (1929 turns).

Alfie the Shooter (Human Hunter)                    Turns: 1929, Time: 00:08:22

Health: -2/40      AC:  5    Str: 13    XL:     5   Next: 50%
Magic:  5/5        EV: 12    Int: 12    God:
Gold:   132        SH:  0    Dex: 13    Spells: 4/4 levels left

rFire    . . .     SeeInvis .   b - +1 short sword
rCold    . . .     Gourm    .   (no shield)
rNeg     . . .     Faith    .   c - +2 leather armour
rPois    .         Spirit   .   (no helmet)
rElec    .         Reflect  .   (no cloak)
rCorr    .         Harm     .   (no gloves)
MR       .....                  (no boots)
Stlth    +.........             (no amulet)
Regen    0.2/turn               (no ring)
MPRegen  0.1/turn               (no ring)

@: no status effects
A: no striking features
a: no special abilities


You were on level 3 of the Dungeon.
You were not hungry.

You visited 1 branch of the dungeon, and saw 4 of its levels.

You collected 132 gold pieces.

Inventory:

Hand Weapons
 a - a +2 shortbow
 b - a +1 short sword (weapon)
Missiles
 e - 5 needles of confusion (quivered)
 m - 4 arrows
Armour
 c - a +2 leather armour (worn)
 o - a scarf of resistance
Jewellery
 h - a cursed ring of teleportation {unknown}
Scrolls
 d - a scroll of amnesia
 g - 3 scrolls of remove curse
 j - 2 scrolls of teleportation
Potions
 i - a potion of magic {unknown}
 k - a potion of ambrosia {unknown}
 l - a potion of berserk rage {unknown}
 n - a potion of flight {unknown}
Comestibles
 f - 5 bread rations


   Skills:
 + Level 2.8 Fighting
 + Level 0.4 Short Blades
 + Level 5.7 Bows
 + Level 0.8 Armour
 + Level 2.2 Dodging
 + Level 1.1 Stealth


You had 4 spell levels left.
You didn't know any spells.

Dungeon Overview and Level Annotations

Branches:
Dungeon (4/15)
 Temple: D:4-7

Altars:

Annotations:
D:2 1 runed door


Message History

The orc wizard gestures at you while chanting.
The puff of frost misses you. The orc wizard barely misses you.
You barely miss the orc wizard.
The orc wizard is moderately wounded.
The orc wizard hits you but does no damage.
You closely miss the orc wizard.
The orc wizard is moderately wounded.
The orc wizard hits you but does no damage.
The orc wizard closely misses you.
You hit the orc wizard.
The orc wizard is heavily wounded.
The orc wizard gestures at you while chanting.
The magic dart hits you!
* * * LOW HITPOINT WARNING * * *
The orc wizard closely misses you.
You hit the orc wizard.
The orc wizard is severely wounded.
The orc wizard casts a spell at you. The puff of frost hits you!
You die...

...######..............#
...........##.###...)..#
.#####.........##......########
## ###................##.....#
##..........<#.............#
####..#.##.............#.....>#
.....##.##..##...#######......#
#...........##.#o# ##.....##
.............).#@# #......#
............>..#.# #.....##
.................# ##.....#
................## #......#
.................#######......#
..............##.........######
.............###.........#
#....<#.....## #........##
############# #........#


You could see an orc wizard.

Vanquished Creatures
  Jessica (D:2)
  4 adders
  An ooze (D:3)
  4 worms
  A dart slug (D:1)
  2 leopard geckos (D:2)
  2 orcs (D:3)
  2 giant cockroaches
  6 goblins
  6 hobgoblins
  6 jackals (D:2)
  6 kobolds
  A quokka (D:3)
  6 bats
  3 frilled lizards
  7 rats
58 creatures vanquished.

Notes
Turn   | Place    | Note
-------+----------+-------------------------------------------
     0 | D:1      | Alfie the Human Hunter began the quest for the Orb.
     0 | D:1      | Reached XP level 1. HP: 16/16 MP: 1/1
    35 | D:1      | Reached XP level 2. HP: 22/22 MP: 2/2
   457 | D:1      | Reached XP level 3. HP: 27/27 MP: 3/3
   748 | D:2      | Reached skill level 5 in Bows
   784 | D:2      | Reached XP level 4. HP: 33/34 MP: 4/4
   973 | D:2      | Noticed Jessica
   978 | D:2      | Killed Jessica
  1375 | D:2      | Found a runed door.
  1521 | D:3      | Reached XP level 5. HP: 39/39 MP: 5/5
  1929 | D:3      | Killed from afar by an orc wizard

Skill      XL: |  1  2  3 |
---------------+----------+-----
Bows           | 5 |  5.7
Fighting       | |  2.8
Short Blades   | |  0.4
Armour         | |  0.8
Dodging        | |  2.2
Stealth        | |  1.1

Action                   |  1- 3 |  4- 6 || total
-------------------------+-------+-------++-------
Melee: Short sword       |    14 |    89 ||   103
 Fire: Shortbow          |    96 |    37 ||   133
  Use: Scroll            |     5 |     5 ||    10
  Eat: Royal jelly       |       |     1 ||     1
       Bread ration      |       |     1 ||     1
Armor: Leather armour    |    16 |    21 ||    37
Dodge: Dodged            |    24 |    69 ||    93
